 Seeded DCSS version 0.29.1-15-g9cfb28693d (webtiles) character file.

Game seed: 10632878574245094075 (custom seed)

80 Mickster the Chopper (level 4, -3/41 HPs)
             Began as a Hill Orc Berserker on Apr 16, 2023.
             Was a Believer of Trog.
             Slain by a worm (10 damage)
             ... on level 3 of the Dungeon.
             The game lasted 00:15:35 (2010 turns).

Mickster the Chopper (Hill Orc Berserker)           Turns: 2010, Time: 00:15:35

Health: -3/41      AC:  4    Str: 21    XL:     4   Next: 39%
Magic:  3/3        EV: 12    Int:  7    God:    Trog [**....]
Gold:   93         SH:  0    Dex: 10    Spells: 3/3 levels left

rFire   . . .      SeeInvis .   a - +3 hand axe
rCold   . . .      Faith    .   (no shield)
rNeg    . . .      Spirit   .   b - +0 animal skin
rPois   .          Reflect  .   (no helmet)
rElec   .          Harm     .   (no cloak)
rCorr   +          Rampage  .   (no gloves)
Will    .....                   i - +1 pair of boots
Stlth   +.........              (no amulet)
HPRegen 0.13/turn               e - ring of resist corrosion
MPRegen 0.08/turn               (no ring)

@: no status effects
A: hooves 1, low MP 1
a: Renounce Religion, Berserk, Trog's Hand


You were on level 3 of the Dungeon.
You worshipped Trog.
Trog was pleased with you.
You visited 1 branch of the dungeon, and saw 3 of its levels.

You collected 93 gold pieces.

Inventory:

Hand Weapons
 a - a +3 hand axe (weapon)
 c - a +2 sling of flaming
Missiles
 d - 8 poisoned darts (quivered)
 f - 15 stones
Armour
 b - a +0 animal skin (worn)
 i - a +1 pair of boots (worn)
Jewellery
 e - a ring of resist corrosion (left hand)
Scrolls
 h - a scroll of noise
 l - a scroll of identify {unknown}
Potions
 g - a potion of magic {unknown}
 j - a potion of haste
 k - a potion of ambrosia {unknown}


   Skills:
 + Level 4.3 Fighting
 * Level 5.9 Axes
 * Level 0.1 Throwing
 + Level 2.3 Armour
 + Level 1.7 Dodging


You had 3 spell levels left.
You didn't know any spells.
Your spell library was empty.

Dungeon Overview and Level Annotations

Branches:
Dungeon (3/15)

Altars:
Uskayaw


Innate Abilities, Weirdness & Mutations

You have large cloven feet.
Your magical capacity is low. (-10% MP)


Message History

An adder comes into view.
Found 10 gold pieces.
A worm comes into view.
The adder hisses angrily.
You see here a +0 hand axe.
You hit the adder.
The adder is heavily wounded.
The adder bites you.
You are poisoned.
The adder poisons you!
You barely miss the adder.
The adder is heavily wounded.
You hit the worm.
You feel sick. The adder bites you. The adder bites you but does no damage.
You closely miss the adder.
The adder is heavily wounded.
You hit the worm.
You feel sick. The worm bites you! The adder barely misses you.
You closely miss the adder.
The adder is heavily wounded.
You hit the worm.
You feel sick. The adder bites you.
* * * LOW HITPOINT WARNING * * *
The worm misses you.
You hit the adder.
The adder is severely wounded.
You hit the worm.
You feel sick. The adder bites you but does no damage.
You closely miss the adder.
The adder is severely wounded.
You completely miss the worm.
You feel sick. The adder misses you. The worm bites you but does no damage.
The adder bites you but does no damage.
You hit the adder.
You kill the adder!
Trog accepts your kill.
You hit the worm.
You feel sick.
You feel sick.
You are no longer poisoned.
The worm bites you but does no damage.
You see here an adder corpse.
The worm bites you!
You die...

##... #.... ###
##... #..
##$...#######.#
##..........##.#
#........##.##.#
........w##.##.#
#..".@†)..##.##
.....#..........#
#.# #.#
#..#######.#
#.### .....# #.#
..... ####.##
####.####... #.
#.......#.| ..
#...†.).#.# #..
###..†....#.#
#....._..†..#


You could see a worm.

Vanquished Creatures
  2 adders (D:3)
  A worm (D:2)
  4 dart slugs
  An orc (D:3)
  6 endoplasms
  A giant cockroach (D:1)
  3 goblins (D:1)
  6 hobgoblins
  3 quokkas
  3 ball pythons (D:1)
  6 bats
  7 frilled lizards
  2 kobolds (D:2)
  3 rats
48 creatures vanquished.

Vanquished Creatures (others)
  4 fungi (D:2)
4 creatures vanquished.

Grand Total: 52 creatures vanquished

Notes
Turn   | Place    | Note
-------+----------+-------------------------------------------
     0 | D:1      | Mickster the Hill Orc Berserker began the quest for the
                  | Orb.
     0 | D:1      | Reached XP level 1. HP: 19/19 MP: 1/1
   110 | D:1      | Reached XP level 2. HP: 19/27 MP: 2/2
   354 | D:1      | Reached XP level 3. HP: 30/33 MP: 3/3
   396 | D:1      | Reached skill level 5 in Axes
   547 | D:2      | Reached ** piety under Trog
  1042 | D:2      | Found a faded altar of an unknown god.
  1129 | D:2      | Gained mutation: Your magical capacity is low. (-10% MP)
                  | [potion of mutation]
  1129 | D:2      | Gained mutation: You have large cloven feet. [potion of
                  | mutation]
  1891 | D:3      | Reached XP level 4. HP: 38/40 MP: 3/3
  1944 | D:3      | Found a hide-covered altar of Uskayaw.
  2010 | D:3      | Slain by a worm

Illustrated notes

Levels and vault maps discovered:
D:1:      minmay_arrival_loop, layout_rooms, minivault_23,
          minmay_small_reverse_x
D:2:      wad_pebble_path, layout_basic, nicolae_ecumenical_pavilion,
          minivault_4, dreamdust_mushroom_princess
D:3:      layout_loops_cross, nicolae_uskayaw_murder_on_the_dancefloor,
          serial_shops, nicolae_shop_statue_plus, nicolae_wormholes

Skill      XL: |  1  2  3 |
---------------+----------+-----
Fighting       | 4 |  4.3
Axes           | 5 |  5.9
Throwing       | |  0.1
Armour         | |  2.3
Dodging        | |  1.7

Action                   |  1- 3 |  4- 6 || total
-------------------------+-------+-------++-------
Melee: Hand axe          |   118 |    25 ||   143
       Punch             |     2 |       ||     2
Invok: Berserk           |     1 |       ||     1
  Use: Scroll            |     7 |     1 ||     8
       Potion            |     4 |       ||     4
Armor: Animal skin       |    26 |    10 ||    36
Dodge: Dodged            |    89 |    16 ||   105
